 Dungeon Crawl Stone Soup version bcrawl-1.28.1b (webtiles) character file.

Game seed: 4171411144194135632

118512 Morbidden the Shield-Bearer (level 5, -10/36 HPs)
             Began as a Fairy Fighter on Dec 14, 2020.
             Killed by divine providence
             ... invoked by an orc priest
              (12 damage)
             ... on level 4 of the Dungeon.
             The game lasted 00:03:46 (3331 turns).

Morbidden the Shield-Bearer (Fairy Fighter)         Turns: 3331, Time: 00:03:47

Health: -10/36     AC:  8    Str: 17 (19) XL:     5   Next: 44%
Magic:  8/8        EV: 12    Int: 15      God:
Gold:   218        SH: 15    Dex: 12      Spells: 6/6 levels left

rFire    . . .     SeeInvis .   a - +0 long sword
rCold    . . .     Gourm    .   b - +0 medium shield
rNeg     . . .     Faith    .   (armour unavailable)
rPois    .         Spirit   .   (no helmet)
rElec    .         Reflect  .   n - +0 cloak
rCorr    .         Harm     .   (no gloves)
MR       .....                  m - +2 pair of boots
Stlth    ..........             s - amulet of rage (curse)
HPRegen  0.12/turn              r - +3 ring of intelligence
MPRegen  0.11/turn              (no ring)

@: mighty, flying evasively
A: small, magic attunement, unstealthy, unfitting armour, able to fly, AC/SH +4
a: Stop Flying, Evoke Berserk Rage


You were on level 4 of the Dungeon.
You were hungry.

You visited 1 branch of the dungeon, and saw 4 of its levels.

You collected 218 gold pieces.

Inventory:

Hand Weapons
 a - a +0 long sword (weapon)
Missiles
 j - a throwing net {=f}
Armour
 b - a +0 medium shield (worn)
 m - a +2 pair of boots (worn)
 n - a +0 cloak (worn)
 v - the cursed -4 cloak "Wirevaa" {rPois rF+ MR+ Str+3, unknown}
   (You found it on level 4 of the Dungeon)

   It affects your strength (+3).
   It protects you from fire.
   It protects you from poison.
   It affects your resistance to hostile enchantments.
   It has a curse placed upon it.
Jewellery
 r - a +3 ring of intelligence (left hand)
 s - a cursed amulet of rage (around neck)
Wands
 d - a wand of polymorph (17)
Scrolls
 f - a scroll of magic mapping {unknown}
 g - 5 scrolls of teleportation
 h - a scroll of amnesia {unknown}
 l - 2 scrolls of immolation {unknown}
 o - a scroll of enchant weapon {unknown}
 p - a scroll of enchant armour {unknown}
 t - a scroll of blinking {unknown}
 u - a scroll of fog {unknown}
Potions
 c - 3 potions of might
 i - a potion of haste
 k - 4 potions of curing {unknown}
 q - a potion of magic {unknown}
Comestibles
 e - 6 rations {!d}


   Skills:
 * Level 3.0 Fighting
 * Level 2.8 Long Blades
 * Level 4.6 Dodging
 * Level 5.3 Shields
 * Level 1.2 Spellcasting


You had 6 spell levels left.
You didn't know any spells.
Your spell library was empty.

Dungeon Overview and Level Annotations

Branches:
Dungeon (4/12)
 Temple: D:4-7

Altars:


Innate Abilities, Weirdness & Mutations

Your spells do not cause hunger and MP costs are reduced by 1.
Your bright wings attract enemies. (Stealth-)
You cannot fit into any form of body armour.
Your shimmering scales are hard and can block incoming attacks. (AC +4, SH +4)
You are small and have problems with some larger weapons.
You can fly continuously.


Message History

The orc priest calls down the wrath of Beogh upon you.
You struggle to resist.
The orc hits you but does no damage.
No path to travel!
The orc shouts!
You hit the orc priest but do no damage.
The orc priest is severely wounded.
You block the orc priest's attack. The orc misses you.
The orc priest calls down the wrath of Beogh upon you.
Beogh smites you!
* * * LOW HITPOINT WARNING * * *
The sky beast flickers out of sight!
Deactivating autopickup; reactivate with Ctrl-A.
No path to travel!
No path to travel!
No path to travel!
You completely miss the orc priest.
The orc priest is severely wounded.
The orc priest invokes the aid of Beogh against you.
Beogh smites you!
You die...

##.#..## ###.
#..##..### ##...
#.####...####..##
#.# #.......)##
#.# #........#
#.# #........#
##.# #.......[#
##..# #........#
#o@## #........#
#o## ########....
#o# #.###
#####.#### ..#
##<..#.$>.## ###
##.....o....#
#............
#....<....>..
#.......o.o..


You could see 3 orc priests and an orc.

Vanquished Creatures
  A bullfrog skeleton (D:4)
  6 adders
  An ooze (D:3)
  2 worms
  2 leopard geckos
  3 orcs (D:4)
  2 ball pythons (D:2)
  3 giant cockroaches
  4 goblins (D:2)
  10 hobgoblins
  10 jackals
  9 kobolds
  A quokka (D:2)
  3 frilled lizards
  A quokka skeleton (D:3)
  7 rats
65 creatures vanquished.

Notes
Turn   | Place    | Note
-------+----------+-------------------------------------------
     0 | D:1      | Morbidden the Fairy Fighter began the quest for the Orb.
     0 | D:1      | Reached XP level 1. HP: 15/15 MP: 3/3
   179 | D:1      | Reached XP level 2. HP: 14/20 MP: 4/4
   339 | D:1      | Reached skill level 4 in Shields
   654 | D:2      | Reached XP level 3. HP: 11/25 MP: 5/5
  1245 | D:2      | Reached XP level 4. HP: 29/30 MP: 7/7
  2217 | D:3      | Reached skill level 1 in Spellcasting
  2319 | D:3      | Reached XP level 5. HP: 36/36 MP: 8/8
  2418 | D:3      | Reached skill level 5 in Shields
  3038 | D:4      | Noticed a sky beast
  3039 | D:4      | Noticed a golden eye
  3039 | D:4      | a sky beast changed into a golden eye
  3290 | D:4      | Got a slimy cloak
  3327 | D:4      | Noticed a sky beast
  3331 | D:4      | Killed from afar by an orc priest

Skill      XL: |  1  2  3  4  5 |
---------------+----------------+-----
Shields        | 4 5 |  5.3
Long Blades    | 2 |  2.8
Fighting       | 3 |  3.0
Spellcasting   | 1 |  1.2
Dodging        | |  4.6

Action                   |  1- 3 |  4- 6 || total
-------------------------+-------+-------++-------
Melee: Long sword        |   142 |   191 ||   333
Evoke: Wand              |       |     1 ||     1
  Use: Potion            |     2 |     1 ||     3
       Scroll            |     1 |       ||     1
  Eat: Chunk             |     6 |    13 ||    19
Armor: Skin              |    19 |    28 ||    47
Dodge: Dodged            |    70 |    68 ||   138
Block: Medium shield     |   129 |   155 ||   284
